AoeStats
← 17525

Arena

508681623Analyzed
1v1 RM · 10d ago on Sep 23, 2026· 30m 58s· 2 players
Game mode
Random Map
Map size
Tiny (2 player)
Population
200
Speed
Normal
Resources
Standard
Victory
Conquest
Starting age
Dark Age
Ending age
Imperial Age
RankedLock teamsTeams togetherTeam positionsShared explorationLock speedFull tech treeHidden civsTurbo modeCheats
Victory
Defeat
🇹🇼 Huns · Taiwan
307
+21
🇸🇪 Persians · Sweden
414
-21
17525
11:20 Feudal Age
9:36 Loom
11:58 Double-Bit Axe
11:57 Horse Collar
12:40 Gold Mining
17:06 Stone Mining
23:07 Castle Age
24:47 Bloodlines
26:15 Wheelbarrow
25:54 Bow Saw
25:47 Heavy Plow
26:16 Husbandry
26:09 Pikeman
29:10 Gold Shaft Mining
30:42 Thumb Ring
Stoffelevererar
1:05 Loom
15:56 Feudal Age
16:25 Double-Bit Axe
16:23 Horse Collar
16:37 Stone Mining
16:37 Gold Mining
21:32 Castle Age
21:21 Scale Barding Armor
21:27 Forging
22:39 Gold Shaft Mining
22:39 Stone Shaft Mining
22:39 Husbandry
26:14 Wheelbarrow
25:24 Town Watch
25:52 Bow Saw
25:46 Heavy Plow
26:53 Bloodlines
27:46 Hand Cart
29:00 Town Patrol
29:20 Scale Mail Armor
Connection lost

Rejoining the realm…

Still unreachable

The connection could not be restored.

Session expired

The server has moved on; the page needs a fresh start.